 Dungeon Crawl Stone Soup version 0.31-a0-803-g95b03c3367 (webtiles) character file.

Game seed: 14952470630533725075

292 Dirtsage the Chopper (level 6, 0/47 HPs)
             Began as a Demonspawn Fighter on Sept 20, 2023.
             Slain by an iguana (1 damage)
             ... on level 4 of the Dungeon.
             The game lasted 00:05:45 (2900 turns).

Dirtsage the Chopper (Demonspawn Fighter)           Turns: 2900, Time: 00:05:46

Health: 0/47       AC:  7    Str: 18    XL:     6   Next: 10%
Magic:  6/6        EV: 14    Int:  9    God:
Gold:   180        SH:  4    Dex: 13    Spells: 5/5 levels left

rFire   . . .        a - +0 war axe
rCold   . . .        c - +0 buckler
rNeg    . . .        b - +0 scale mail
rPois   .            (helmet restricted)
rElec   .            (no cloak)
rCorr   .            s - +0 pair of gloves
SInv    .            (no boots)
Will    .....        (no amulet) Stlth
                     f - +5 ring of evasion
HPRegen 0.27/turn    (no ring)
MPRegen 0.10/turn

%: no passive effects
@: no status effects
A: antennae 2, demonic guardian 1
a: no special abilities


You were on level 4 of the Dungeon.
You visited 1 branch of the dungeon, and saw 4 of its levels.

You collected 180 gold pieces.

Inventory:

Hand Weapons
 a - a +0 war axe (weapon)
Armour
 b - a +0 scale mail (worn)
 c - a +0 buckler (worn)
 s - a +0 pair of gloves (worn)
Jewellery
 f - a +5 ring of evasion (left hand)
Scrolls
 e - a scroll of fog {unknown}
 i - 2 scrolls of noise {unknown}
 j - a scroll of enchant armour {unknown}
 k - 3 scrolls of vulnerability {unknown}
 l - 2 scrolls of enchant weapon {unknown}
 n - a scroll of teleportation {unknown}
 o - a scroll of identify {unknown}
 q - a scroll of revelation {unknown}
 r - 2 scrolls of fear {unknown}
 t - 2 scrolls of poison {unknown}
 v - a scroll of silence {unknown}
 w - 3 scrolls of immolation {unknown}
Potions
 d - 2 potions of might
 g - 2 potions of invisibility {unknown}
 h - a potion of brilliance
 m - 2 potions of lignification
 p - 2 potions of curing {unknown}
 u - a potion of cancellation {unknown}
 x - a potion of enlightenment {unknown}
 z - a potion of haste {unknown}


   Skills:
 - Level 3.0 Fighting
 + Level 5.9 Axes
 - Level 2.6 Armour
 - Level 2.6 Shields


You had 5 spell levels left.
You didn't know any spells.
Your spell library contained the following spells:

 Spells                   Type           Power      Damage    Failure   Level
 Wereblood                Tmut           0%         N/A       94%         2
 Irradiate                Conj/Tmut      0%         3d11      100%        5


Dungeon Overview and Level Annotations

Branches:
Dungeon (4/15)
 Temple: D:4-7

Altars:
Gozag

Annotations:
D:3 2 runed translucent doors, heinrich's ghost, amateur TrFi


Innate Abilities, Weirdness & Mutations

You have a pair of antennae on your head.
A weak demonic guardian rushes to your aid.


Message History

The iguana is severely wounded.
The iguana barely misses you. x2
You swap places.
Your shadow imp hits the iguana but does no damage.
The iguana bites your shadow imp but does no damage.
Your shadow imp completely misses the iguana.
The iguana bites your shadow imp!
Your shadow imp hits the iguana.
The iguana bites your shadow imp!
Your shadow imp dies!
Your shadow imp disappears in a puff of smoke!
You barely miss the iguana.
The iguana is almost dead.
The iguana completely misses you.
You barely miss the iguana.
The iguana is almost dead.
The iguana closely misses you.
You barely miss the iguana.
The iguana is severely wounded.
The iguana bites you.
* * * LOW HITPOINT WARNING * * *
You take 4 damage, and have 11/47 hp.
You hit the iguana.
The iguana is almost dead.
The iguana bites you.
* * * LOW HITPOINT WARNING * * *
You block the iguana's attack.
You take 1 damage, and have 10/47 hp.
You hit the iguana but do no damage.
The iguana is almost dead.
The iguana closely misses you.
You hit the iguana but do no damage.
The iguana is almost dead.
The iguana bites you!
* * * LOW HITPOINT WARNING * * *
A demonic guardian appears!
You take 9 damage, and have 1/47 hp.
You closely miss the iguana.
The iguana is almost dead.
The iguana bites you.
You die...

#........##.# #.#
#.# #..#####.##.#
#.# #.# #..#
#.##.# #.# #.#
#.## #.##.# #.#
#.# #.# #.##.# #.#
#.# #.# #.##.# #.#
#.# #.# #.##.# #.#
#.###.#
#.##.#####.#
......#
#..5.@l....#
#.#####
####.####### #.#
#.....#
#.##########.#####
#....†.....[.#
##############


You could see an iguana (ally target) and a friendly iron imp (summoned).

Vanquished Creatures
  A black bear (D:4)
  An orc wizard (D:3)
  5 gnolls
  5 adders
  2 worms
  4 dart slugs
  4 orcs
  6 endoplasms
  5 giant cockroaches
  3 goblins
  8 hobgoblins
  4 jackals (D:3)
  7 kobolds
  2 quokkas
  5 ball pythons
  A bat (D:1)
  A frilled lizard (D:1)
  4 rats
68 creatures vanquished.

Notes
Turn   | Place    | Note
-------+----------+-------------------------------------------
     0 | D:1      | Dirtsage the Demonspawn Fighter began the quest for the
                  | Orb.
     0 | D:1      | Reached XP level 1. HP: 18/18 MP: 1/1
   108 | D:1      | Reached skill level 2 in Axes
   197 | D:1      | Gained mutation: You have a pair of small antennae on your
                  | head. [demonic ancestry]
   197 | D:1      | Reached XP level 2. HP: 24/24 MP: 2/2
   561 | D:1      | Reached skill level 3 in Axes
   706 | D:1      | Gained mutation: You have a pair of antennae on your head.
                  | [demonic ancestry]
   706 | D:1      | Reached XP level 3. HP: 29/29 MP: 3/3
  1372 | D:2      | Reached skill level 4 in Axes
  1372 | D:2      | Reached XP level 4. HP: 35/35 MP: 4/4
  1737 | D:3      | Found an opulent altar of Gozag.
  2156 | D:3      | Reached XP level 5. HP: 39/41 MP: 5/5
  2203 | D:3      | Reached skill level 5 in Axes
  2340 | D:3      | Found a large runed translucent door.
  2340 | D:3      | Found a large runed translucent door.
  2341 | D:3      | Noticed heinrich's ghost (amateur TrFi)
  2788 | D:4      | Noticed a black bear
  2794 | D:4      | Killed a black bear
  2795 | D:4      | Gained mutation: A weak demonic guardian rushes to your
                  | aid. [demonic ancestry]
  2795 | D:4      | Reached XP level 6. HP: 38/47 MP: 6/6
  2899 | D:4      | HP: 1/47 [iguana (10)]
  2900 | D:4      | Slain by an iguana

Illustrated notes

Levels and vault maps discovered:
D:1:      lemuel_arrival_hallway, layout_loops_ring, roderic_lattice_a
D:2:      layout_basic, grunt_decor_one_mirror
D:3:      layout_loops_cross, grunt_gozag_statues, ebering_ghost_disaster_area,
          grunt_ministairs_10
D:4:      layout_basic, temple_statues, minmay_tree_intersection

Skill      XL: |  1  2  3  4  5 |
---------------+----------------+-----
Axes           | 2 3 4 5 |  5.9
Fighting       | |  3.0
Armour         | |  2.6
Shields        | |  2.6

Action                     |  1- 3 |  4- 6 || total
---------------------------+-------+-------++-------
  Melee: War axe           |   109 |   114 ||   223
    Use: Potion            |       |     3 ||     3
 Armour: Scale mail        |    38 |    54 ||    92
         Skin              |       |    25 ||    25
  Dodge: Dodged            |    71 |    86 ||   157
  Block: Buckler           |    28 |    16 ||    44

Table legend: (Time is in decaauts)
 A = Elapsed time spent in this place.
 B = Non-inter-level travel time spent in this place.
 C = Inter-level travel time spent in this place.
 D = Time resting spent in this place.
 E = Time spent auto-exploring this place.
 F = Levels seen in this place.
 G = Mean time per level.
                   A        B        C        D        E       F      G
               +--------+--------+--------+--------+--------+-----+--------+
         Total |   2976 |   2886 |     90 |     90 |   2237 |   4 |  744.0 |
       Dungeon |   2976 |   2886 |     90 |     90 |   2237 |   4 |  744.0 |
               +--------+--------+--------+--------+--------+-----+--------+

Top non-repeatable levels by time:
     D:3: 965 daAuts
     D:1: 937 daAuts
     D:2: 740 daAuts
     D:4: 334 daAuts
